 Dungeon Crawl Stone Soup version 0.26-a0-778-g3fe0686644 (webtiles) character file.

Game seed: 12208925212257717152

15071 aardvark the Fighter (level 11, -1/104 HPs)
             Began as a Minotaur Chaos Knight on Nov 9, 2020.
             Was a Plaything of Xom.
             Slain by a ghost moth (6 damage)
             ... on level 1 of the Lair of Beasts on Nov 10, 2020.
             The game lasted 00:53:21 (14232 turns).

aardvark the Fighter (Minotaur Chaos Knight)       Turns: 14232, Time: 00:53:22

Health: -1/104     AC: 16    Str: 17 (21) XL:     11   Next: 97%
Magic:  0/11       EV: 17    Int:  9 (12) God:    Xom [.....*]
Gold:   1073       SH: 10    Dex: 10 (12) Spells: 10/10 levels left

rFire    + . .     SeeInvis .   F - +2 war axe (venom)
rCold    . . .     Faith    .   O - +0 kite shield
rNeg     . . .     Spirit   .   t - +2 ring mail {rPois}
rPois    +         Reflect  .   (helmet restricted)
rElec    .         Harm     .   v - +1 cloak {Stlth+}
rCorr    .         Rampage  .   (no gloves)
MR       .....     Clarity  +   m - +0 pair of boots (curse)
Stlth    ..........             (no amulet)
HPRegen  0.27/turn              z - ring "Feim Lem" {rF+ Str+4 Dex+6}
MPRegen  0.12/turn              H - +4 ring of evasion

@: no status effects
A: retaliatory headbutt, hooves 1, horns 2, iridescent scales 1, rugged brown
scales 1, clarity, clever 1, clumsy 2, deterioration 1, high mp 1, sense
surroundings 2, screaming 1, weak 1, wild magic 1, MP-powered wands
a: Renounce Religion


You were on level 1 of the Lair of Beasts.
You worshipped Xom.
You were Xom's teddy bear.
You visited 2 branches of the dungeon, and saw 12 of its levels.
You also visited: Bailey.

You collected 1233 gold pieces.
You spent 160 gold pieces at shops.

Inventory:

Hand Weapons
 a - a +1 broad axe
 F - a +2 war axe of venom (weapon)
 P - a +3 scimitar of flaming
Missiles
 b - 10 throwing nets
 r - 6 atropa-tipped darts
 x - 14 boomerangs (quivered)
Armour
 m - a cursed +0 pair of boots (worn)
 t - a +2 ring mail of poison resistance (worn)
 v - a +1 cloak of stealth (worn)
 L - the +2 chain mail of Fortitude {rN+++ Regen+ Int-4 Stlth-}
   (Xom gifted it to you on level 10 of the Dungeon)

   It affects your intelligence (-4).
   It renders you almost immune to negative energy.
   It increases your rate of regeneration.
   It makes you less stealthy.
 M - the +5 scale mail of Cheibriados's Whim {*Contam MR+ rCorr Dex+2}
   (You took it off a gnoll sergeant in a bailey)

   It affects your dexterity (+2).
   It affects your resistance to hostile enchantments.
   It causes magical contamination when unequipped.
   It provides partial protection from all sources of acid and corrosion.
 O - a +0 kite shield (worn)
Jewellery
 h - an uncursed ring of fire
 z - the ring "Feim Lem" (left hand) {rF+ Str+4 Dex+6}
   (You found it on level 9 of the Dungeon)

   [ring of protection from fire]

   It affects your strength (+4).
   It affects your dexterity (+6).
   It protects you from fire.
 H - a +4 ring of evasion (right hand)
Wands
 g - a wand of iceblast (16)
 l - a wand of enslavement (7)
 q - a wand of paralysis (1)
 u - a wand of random effects (30)
 y - a wand of digging (5)
Scrolls
 d - 4 scrolls of enchant weapon
 f - 11 scrolls of remove curse
 i - 3 scrolls of fear {unknown}
 s - a scroll of amnesia
 I - a scroll of torment {unknown}
 J - 2 scrolls of fog
 K - a scroll of enchant armour
Potions
 c - 3 potions of magic
 e - a potion of invisibility {unknown}
 k - a potion of cancellation {unknown}
 o - 4 potions of lignification
 w - 4 potions of brilliance {unknown}
 C - 2 potions of might {unknown}
 E - a potion of flight {unknown}
 G - a potion of berserk rage {unknown}
 N - 2 potions of mutation {unknown}
Miscellaneous
 D - a phantom mirror


   Skills:
 + Level 10.9 Fighting
 + Level 10.9 Axes
 - Level 8.0 Throwing
 + Level 10.6 Armour
 - Level 8.8 Dodging
 + Level 6.5 Shields


You had 10 spell levels left.
You didn't know any spells.
Your spell library was empty.

Dungeon Overview and Level Annotations

Branches:
Dungeon (11/15)            Temple (0/1) D:5            Lair (1/6) D:8
    Orc (0/2) D:11         Bailey (visited)

Altars:
Ashenzari
Gozag
Kikubaaqudgha
Okawaru
Qazlal
Sif Muna
Wu Jian
Xom
Yredelemnul

Shops:
D:4 (   D:9 *   D:10 =


Innate Abilities, Weirdness & Mutations

You reflexively headbutt those who attack you in melee.
You have a pair of horns on your head.
You have large cloven feet.
You are partially covered in iridescent scales. (AC +2)
You are partially covered in rugged brown scales. (AC +1, +3% HP)
You possess an exceptional clarity of mind.
Your mind is acute. (Int +2)
You are very clumsy. (Dex -4)
Your body sometimes deteriorates upon taking damage.
You have an increased reservoir of magic. (+10% MP)
You passively map the area around you.
You occasionally shout uncontrollably at your foes.
You are weak. (Str -2)
Your spells are a little harder to cast, but a little more powerful.
You expend magic power (3 MP) to strengthen your wands.


Message History

Something stings you but does no damage.
You hit something.
You feel you are being watched by something.
You feel your power leaking away. You block something's attack.
Something hits you!
* * * LOW HITPOINT WARNING * * *
You feel dopey.
Something stings you but does no damage.
You feel better.
You feel you are being watched by something.
Something hits you but does no damage. x2; Something barely misses you.
Something hits you.
* * * LOW HITPOINT WARNING * * *
Something hits you.
* * * LOW HITPOINT WARNING * * *
Something stings you but does no damage.
You slash something! Your headbutt misses something.
You feel you are being watched by something.
Something hits you but does no damage. Something hits you.
You die...

#.................## ####
,................#
,...#........F.###
*,...#.........#### *,
.............P#.##########
*.........###....#P##...#..
,....^....##...............
*
.........#†...............
,
.#.......@{..P............
*
........................#.
,
.........................#
..................>.......
,..........................
,..........................
, ,
.....#....######....#.P###
, ..######### ##########. ,
##


There were no monsters in sight!

Vanquished Creatures
  A great orb of eyes (D:11)
  Erolcha (D:11)
  Erica (D:8)
  A flayed ghost (D:8)
  2 cyclopes
  A manticore (D:8)
  An ugly thing (D:11)
  Maurice (D:8)
  Psyche (D:9)
  A gargoyle (D:10)
  A cane toad (Lair:1)
  2 centaur skeletons
  Maggie (Lair:1)
  Prince Ribbit (D:6)
  A troll (D:10)
  A dream sheep (shapeshifter) (D:9)
  A shadow (D:11)
  A yak (D:8)
  A basilisk (D:9)
  Grum (D:8)
  3 water moccasins
  An acid dragon (D:11)
  A hornet zombie (D:7)
  3 sky beasts
  2 ice beasts (D:10)
  4 black bears
  5 orc warriors
  9 ogres
  6 phantoms
  3 wolves (D:8)
  4 centaurs
  4 big kobolds
  8 bullfrogs
  7 gnoll sergeants (Bailey)
  5 scorpions
  6 killer bees (D:10)
  5 howler monkeys
  5 wights (D:6)
  6 electric eels (D:11)
  A vampire bat (D:11)
  A centaur zombie (D:10)
  6 hounds
  3 jellies
  9 gnoll shamans
  7 orc priests
  A bullfrog skeleton (D:9)
  12 orc wizards
  Crazy Yiuf (D:4)
  3 iguanas
  7 worker ants
  2 hound zombies
  2 hound skeletons
  A howler monkey zombie (D:8)
  3 worker ant zombies
  9 adders
  29 gnolls
  A shadow imp (D:9)
  3 white imps
  2 ufetubi
  An ooze (D:4)
  An adder zombie (D:8)
  An adder skeleton (D:6)
  4 worms
  2 dart slugs
  10 leopard geckos
  61 orcs
  5 giant cockroaches
  9 hobgoblins
  20 jackals
  13 kobolds
  4 quokkas
  3 ball pythons
  9 bats
  8 frilled lizards
  5 goblins
  A leopard gecko zombie (D:8)
  5 rats
374 creatures vanquished.

Vanquished Creatures (collateral kills)
  2 sky beasts (D:6)
  A phantom (D:4)
  An electric eel (D:11)
  2 orc priests (D:8)
  2 gnolls (Bailey)
  2 orcs (D:8)
10 creatures vanquished.

Vanquished Creatures (others)
  A human (D:2)
  A gnoll sergeant (Bailey)
  A gnoll shaman (Bailey)
  64 fungi
  67 plants
134 creatures vanquished.

Grand Total: 518 creatures vanquished

Notes
Turn   | Place    | Note
-------+----------+-------------------------------------------
     0 | D:1      | aardvark the Minotaur Chaos Knight began the quest for the
                  | Orb.
     0 | D:1      | Reached XP level 1. HP: 19/19 MP: 0/0
   218 | D:1      | XOM: silly message
   237 | D:1      | XOM: divination: detect items
   332 | D:1      | Reached XP level 2. HP: 27/27 MP: 1/1
   731 | D:2      | Found an ancient bone altar of Kikubaaqudgha.
   854 | D:2      | Noticed a human
   855 | D:2      | Killed a human
   878 | D:2      | Reached XP level 3. HP: 23/33 MP: 2/2
   958 | D:2      | Reached skill level 1 in Throwing
  1614 | D:2      | XOM is BORED!
  1623 | D:2      | XOM: silly message
  1644 | D:2      | Reached XP level 4. HP: 38/40 MP: 3/3
  1711 | D:2      | XOM: noise
  1726 | D:2      | XOM: silly message
  2040 | D:2      | XOM: god gift: 35 gold pieces
  2091 | D:3      | Reached skill level 1 in Shields
  2444 | D:3      | Reached XP level 5. HP: 35/47 MP: 4/4
  2616 | D:3      | XOM: cloud trail
  2991 | D:3      | Found a shimmering blue altar of Sif Muna.
  3552 | D:4      | XOM: polymorph dart slug -> frilled lizard
  3630 | D:4      | Found a runed translucent door.
  3631 | D:4      | Noticed Crazy Yiuf
  3642 | D:4      | XOM: butterfly on damage
  3643 | D:4      | Killed Crazy Yiuf
  3667 | D:4      | XOM: 2-stop teleportation journey
  3668 | D:4      | XOM: silly message
  3726 | D:4      | Reached XP level 6. HP: 31/53 MP: 5/5
  3877 | D:4      | XOM: confusion
  3885 | D:4      | XOM: summons 5 friendly demons
  3971 | D:4      | Reached skill level 5 in Axes
  4122 | D:4      | XOM: divination: magic mapping
  4134 | D:4      | Found Suum's Antique Weapon Shop.
  4276 | D:4      | Reached skill level 5 in Fighting
  4469 | D:4      | XOM: scenery: create altars
  4582 | D:5      | Entered Level 5 of the Dungeon
  4623 | D:4      | Bought a broad axe for 112 gold pieces
  4644 | D:5      | XOM: give mutations
  4644 | D:5      | Gained mutation: You are frail. (-10% HP) [Xom's mischief]
  4644 | D:5      | Gained mutation: You are dopey. (Int -2) [Xom's mischief]
  4644 | D:5      | Gained mutation: You are partially covered in iridescent
                  | scales. (AC +2) [Xom's mischief]
  4683 | D:5      | Reached XP level 7. HP: 54/54 MP: 6/6
  4793 | D:5      | XOM: 1-stop teleportation journey
  5101 | D:5      | Found a staircase to the Ecumenical Temple.
  5252 | D:5      | XOM: 1-stop teleportation journey
  5410 | D:6      | Reached skill level 5 in Armour
  5423 | D:6      | Reached XP level 8. HP: 60/63 MP: 7/7
  5480 | D:5      | XOM: silly message
  5651 | D:6      | Found an opulent altar of Gozag.
  5657 | D:6      | Identified the +3 leather armour "Fegridd" {Str+4}
  5670 | D:6      | Reached skill level 5 in Dodging
  5933 | D:6      | Noticed Prince Ribbit
  5939 | D:6      | Killed Prince Ribbit
  5939 | D:6      | Reached skill level 5 in Shields
  5941 | D:6      | XOM: cast spell 'Summon Small Mammal'
  5992 | D:6      | XOM: give mutations
  5992 | D:6      | Lost mutation: You are frail. (-10% HP) [Xom's grace]
  5992 | D:6      | Gained mutation: Your spells are a little harder to cast,
                  | but a little more powerful. [Xom's grace]
  6033 | D:6      | XOM: cast spell 'Summon Dragon'
  6034 | D:6      | Reached XP level 9. HP: 78/78 MP: 8/8
  6135 | D:6      | XOM: polymorph fire dragon -> ice dragon
  6218 | D:7      | XOM: noise
  6266 | D:7      | Reached skill level 5 in Throwing
  6287 | D:7      | XOM: confuse monster(s)
  6294 | D:7      | XOM: enchant monster (bad)
  6300 | D:7      | XOM: potion effect (might)
  6360 | D:7      | XOM: summons friendly white imp
  6638 | D:8      | Found an ornate altar of the Wu Jian Council.
  6923 | D:8      | Noticed a manticore
  6930 | D:8      | XOM: cast spell 'Summon Hydra'
  6935 | D:8      | XOM: potion effect (might)
  6937 | D:8      | Killed a manticore
  6948 | D:8      | XOM: cloud trail
  7126 | D:8      | Noticed Erica
  7437 | D:8      | Noticed Maurice
  7466 | D:9      | XOM: enchant monster (bad)
  7485 | D:9      | XOM: blink monster(s)
  7491 | D:9      | Found a basalt altar of Yredelemnul.
  7632 | D:9      | XOM: enchant monster (bad)
  7639 | D:9      | XOM: silly message
  7869 | D:9      | Reached XP level 10. HP: 88/88 MP: 9/9
  7918 | D:9      | Noticed Psyche
  7936 | D:9      | Killed Psyche
  8055 | D:9      | Noticed a fire crab
  8056 | D:9      | Noticed a guardian serpent
  8056 | D:9      | a fire crab changed into a guardian serpent
  8064 | D:9      | a guardian serpent changed into a shapeshifter
  8070 | D:9      | Noticed a salamander
  8070 | D:9      | a troll changed into a salamander
  8073 | D:9      | a salamander changed into a dream sheep
  8129 | D:9      | XOM: silly message
  8385 | D:9      | Found a broken altar of Ashenzari.
  8511 | D:9      | Got a sparkling wooden ring
  8560 | D:9      | Found Kenkeonk's General Store.
  8566 | D:9      | Bought a potion of curing for 48 gold pieces
  8660 | D:10     | Entered Level 10 of the Dungeon
  8787 | D:10     | XOM: enchant monster (bad)
  8860 | D:10     | XOM: fog
  8891 | D:10     | Found Cakej's Jewellery Boutique.
  9039 | D:10     | XOM: polymorph centaur -> gnoll
  9092 | D:10     | Noticed a gargoyle
  9094 | D:10     | XOM: fog
  9110 | D:10     | XOM: enchant monster (good)
  9112 | D:10     | Killed a gargoyle
  9478 | D:10     | Found an iron altar of Okawaru.
  9487 | D:10     | XOM: 4-stop teleportation journey
  9710 | D:10     | XOM: god gift: faintly humming chain mail {god gift}
  9711 | D:10     | Got a faintly humming chain mail {god gift}
  9728 | D:10     | Identified the +2 chain mail of Fortitude {rN+++ Regen+
                  | Int-4 Stlth-} (Xom gifted it to you on level 10 of the
                  | Dungeon)
  9821 | D:10     | Identified the ring "Feim Lem" {rF+ Str+4 Dex+6} (You found
                  | it on level 9 of the Dungeon)
  9898 | D:11     | Noticed a cyclops
  9899 | D:11     | XOM: summons 3 friendly demons
  9919 | D:11     | Killed a cyclops
  9955 | D:11     | XOM: scenery: create altars
 10074 | D:11     | Found a flagged portal.
 10074 | D:11     | Found a staircase to the Orcish Mines.
 10074 | D:11     | XOM: 7-stop teleportation journey
 10091 | D:11     | XOM: polymorph centaur -> howler monkey
 10101 | D:11     | XOM: cast spell 'Death Channel'
 10149 | Bailey   | Entered a bailey
 10159 | Bailey   | XOM: god gift: scroll of noise
 10303 | Bailey   | XOM: enchant monster (good)
 10311 | Bailey   | XOM: summons 6 hostile demons
 10359 | Bailey   | Identified the +5 scale mail of Cheibriados's Whim {*Contam
                  | MR+ rCorr Dex+2}
 10372 | Bailey   | Reached XP level 11. HP: 63/97 MP: 10/10
 10454 | Bailey   | XOM: give mutations
 10454 | Bailey   | Gained mutation: Scrolls take you a little longer to read.
                  | [Xom's mischief]
 10454 | Bailey   | Gained mutation: Your body sometimes deteriorates upon
                  | taking damage. [Xom's mischief]
 10479 | Bailey   | XOM: give mutations
 10479 | Bailey   | Lost mutation: Scrolls take you a little longer to read.
                  | [Xom's mischief]
 10479 | Bailey   | Gained mutation: You are clumsy. (Dex -2) [Xom's mischief]
 10479 | Bailey   | Gained mutation: You are very clumsy. (Dex -4) [Xom's
                  | mischief]
 11126 | D:11     | XOM: scenery: summon butterflies
 11153 | D:11     | Noticed a red ugly thing
 11165 | D:11     | Killed a red ugly thing
 11279 | D:11     | Noticed a five-headed hydra
 11284 | D:11     | XOM: summons friendly ufetubus
 11287 | D:11     | XOM: cast spell 'Dispersal'
 11301 | D:11     | XOM: swap monsters
 11305 | D:11     | XOM: enchant monster (bad)
 11312 | D:11     | XOM: draining
 11319 | D:11     | XOM: fog
 11334 | D:11     | Noticed a great orb of eyes
 11334 | D:11     | a five-headed hydra changed into a great orb of eyes
 11334 | D:11     | XOM: polymorph five-headed hydra -> great orb of eyes
 11359 | D:11     | Paralysed by a great orb of eyes for 5 turns
 11369 | D:11     | Killed a great orb of eyes
 11417 | D:11     | XOM: divination: detect creatures
 11732 | D:11     | Reached skill level 10 in Fighting
 11819 | D:11     | XOM: 2-stop teleportation journey
 11875 | D:11     | Noticed Erolcha
 11881 | D:11     | Killed Erolcha
 11881 | D:11     | Reached skill level 10 in Axes
 11889 | D:11     | XOM: scenery: create altars
 11910 | D:11     | XOM: 1-stop teleportation journey
 12448 | D:11     | XOM: give mutations
 12448 | D:11     | Gained mutation: You are weak. (Str -2) [Xom's mischief]
 12448 | D:11     | Gained mutation: You occasionally shout uncontrollably at
                  | your foes. [Xom's mischief]
 12768 | D:11     | XOM: give mutations
 12768 | D:11     | Gained mutation: You passively map a small area around you.
                  | [Xom's grace]
 12768 | D:11     | Gained mutation: You are partially covered in rugged brown
                  | scales. (AC +1, +3% HP) [Xom's grace]
 12768 | D:11     | Gained mutation: You expend magic power (3 MP) to
                  | strengthen your wands. [Xom's grace]
 12768 | D:11     | Gained mutation: You passively map the area around you.
                  | [Xom's grace]
 12832 | D:11     | XOM: give mutation
 12832 | D:11     | Lost mutation: You are dopey. (Int -2) [Xom's grace]
 12966 | D:11     | XOM: cloud trail
 13066 | D:9      | XOM: scenery: summon butterflies
 13120 | D:8      | Reached skill level 10 in Armour
 13131 | D:8      | Noticed Grum
 13142 | D:8      | XOM: cast spell 'Summon Mana Viper'
 13145 | D:8      | Found a staircase to the Lair.
 13151 | D:8      | Killed Grum
 13336 | D:8      | XOM: scenery: 1 doors close
 13353 | D:8      | XOM: summons friendly ufetubus
 13363 | D:8      | Killed Erica
 13372 | D:8      | Killed Maurice
 13408 | D:8      | Found a stormy altar of Qazlal.
 13420 | D:8      | Found a basalt altar of Yredelemnul.
 13443 | D:8      | Noticed a flayed ghost
 13464 | D:8      | Killed a flayed ghost
 13466 | D:8      | XOM: give mutations
 13466 | D:8      | Gained mutation: Your mind is acute. (Int +2) [Xom's grace]
 13466 | D:8      | Gained mutation: You have large cloven feet. [Xom's grace]
 13466 | D:8      | Gained mutation: You possess an exceptional clarity of
                  | mind. [Xom's grace]
 13466 | D:8      | Gained mutation: You have an increased reservoir of magic.
                  | (+10% MP) [Xom's grace]
 13467 | D:8      | XOM: destruction
 13726 | Lair:1   | Entered Level 1 of the Lair of Beasts
 13784 | Lair:1   | Noticed Maggie
 13796 | Lair:1   | Killed Maggie
 13900 | Lair:1   | XOM: 7-stop teleportation journey
 13900 | Lair:1   | Noticed an eight-headed hydra
 13901 | Lair:1   | an eight-headed hydra changed into something unseen
 13901 | Lair:1   | XOM: polymorph eight-headed hydra -> something unseen
 14080 | Lair:1   | XOM: scenery: create altars
 14231 | Lair:1   | HP: 5/104 [something (6)]
 14232 | Lair:1   | Slain by a ghost moth

Illustrated notes

Levels and vault maps discovered:
D:1:      ncdulo_lavacross, layout_rooms
D:2:      layout_loops_corners, serial_forest, infiniplex_forest_end_1,
          infiniplex_forest_lined_corner, infiniplex_forest_diagonal,
          infiniplex_forest_join, infiniplex_forest_zigzag_1,
          infiniplex_forest_straight_3, infiniplex_forest_lined_2,
          tgw_kikubaaqudgha
D:3:      layout_loops_ring, led_sif_pool
D:4:      layout_basic, serial_shops, shop_coins, serial_curves, eino_curves_02,
          eino_curves_02, eino_curves_02, eino_curves_03, minmay_door_square,
          uniq_crazy_yiuf_cottage
D:5:      layout_cave_pools, minmay_temple_entry_glassed_door
D:6:      minmay_diamond_boxcup, layout_rooms, grunt_gozag_breadcrumbs,
          uniq_prince_ribbit1
D:7:      layout_rooms, abandoned_shop
D:8:      layout_loops_cross, lemuel_doored_altar,
          amethyst_overflow_temple_binary, due_lair_maze_entry_diamond,
          jmf_multi_god_temple, uniq_grum, uniq_maurice, uniq_erica
D:9:      layout_long_grid, nicolae_ashenzari_panopticon, serial_shops,
          nicolae_shop_temple_entry_statues_fountains,
          yredelemnul_altar_generic, uniq_psyche
D:10:     layout_basic, serial_shops, shop_fountains, okawaru_ov_weapons_minmay
D:11:     kennysheep_seaside_town, layout_basic, david_orc_3, enter_bailey_2,
          roderic_batcave, st_stairs_6, uniq_erolcha
Lair:1:   layout_hall_layers, lemuel_fruit_tree, uniq_maggie, uniq_urug

Skill      XL: |  1  2  3  4  5  6  7  8  9 10 11 |
---------------+----------------------------------+-----
Axes           | 4 5 6 8 9 10 | 10.9
Fighting       | 4 5 6 8 9 10 | 10.9
Throwing       | 1 2 3 4 6 7 8 |  8.0
Armour         | 3 4 5 6 7 9 10 | 10.6
Dodging        | 2 3 4 5 6 8 |  8.8
Shields        | 1 2 3 5 6 |  6.5

Action                   |  1- 3 |  4- 6 |  7- 9 | 10-12 || total
-------------------------+-------+-------+-------+-------++-------
Melee: Hand axe          |    98 |   136 |       |       ||   234
       Headbutt          |    10 |    24 |    36 |   125 ||   195
       Broad axe         |       |    10 |   217 |   142 ||   369
       War axe           |       |       |       |   372 ||   372
Throw: Stone             |     6 |    40 |       |       ||    46
       Boomerang         |       |       |    64 |    39 ||   103
       Throwing net      |       |       |       |     1 ||     1
       Dart              |       |       |       |     5 ||     5
Evoke: Wand              |       |       |     2 |    13 ||    15
  Use: Scroll            |       |       |    16 |     3 ||    19
       Potion            |       |       |     3 |     9 ||    12
 Stab: Paralysed         |     2 |       |       |     7 ||     9
       Petrified         |       |     9 |       |       ||     9
       Petrifying        |       |     2 |       |       ||     2
       Held in net/web   |       |       |       |     1 ||     1
Armor: Leather armour    |    34 |    14 |       |       ||    48
       Scale mail        |       |    12 |       |       ||    12
       Ring mail         |       |    32 |    86 |   171 ||   289
Dodge: Dodged            |    43 |    61 |   195 |   417 ||   716
Block: Buckler           |     8 |    14 |    55 |    95 ||   172
       Kite shield       |       |       |       |    64 ||    64

Table legend: (Time is in decaauts)
 A = Elapsed time spent in this place.
 B = Non-inter-level travel time spent in this place.
 C = Inter-level travel time spent in this place.
 D = Time resting spent in this place.
 E = Time spent auto-exploring this place.
 F = Levels seen in this place.
 G = Mean time per level.
                   A        B        C        D        E       F      G
               +--------+--------+--------+--------+--------+-----+--------+
         Total |  14421 |  13980 |    441 |   4157 |   6772 |  13 | 1109.3 |
       Dungeon |  13229 |  12811 |    418 |   3811 |   6427 |  11 | 1202.6 |
          Lair |    490 |    467 |     23 |    229 |    100 |   1 |  490.0 |
        Bailey |    701 |    701 |      0 |    117 |    245 |   1 |  701.0 |
               +--------+--------+--------+--------+--------+-----+--------+

Top non-repeatable levels by time:
    D:11: 2485 daAuts
     D:2: 1566 daAuts
     D:8: 1508 daAuts
    D:10: 1260 daAuts
     D:9: 1258 daAuts
     D:4: 1255 daAuts
     D:3: 1138 daAuts
     D:5: 892 daAuts
     D:1: 702 daAuts
  Bailey: 701 daAuts
     D:6: 696 daAuts
  Lair:1: 490 daAuts
     D:7: 463 daAuts
